 Dungeon Crawl Stone Soup version 0.28-a0-1234-g826d19b (webtiles) character file.

Game seed: 6644434608087836258

35429 Remcycle the Impaler (level 13, -16/111 HPs)
             Began as a Merfolk Gladiator on Dec 23, 2021.
             Was a High Priest of the Shining One.
             Shot with a bolt by a yaktaur (27 damage)
             ... on level 12 of the Dungeon.
             The game lasted 00:34:10 (13163 turns).

Remcycle the Impaler (Merfolk Gladiator)           Turns: 13163, Time: 00:34:11

Health: -16/111    AC: 15    Str: 24    XL:     13   Next: 83%
Magic:  13/13      EV: 14    Int: 10    God:    the Shining One [*****.]
Gold:   926        SH:  0    Dex: 11    Spells: 12/12 levels left

rFire   + . .      SeeInvis +   b - +0 glaive (flame)
rCold   . . .      Faith    .   (shield currently unavailable)
rNeg    + + .      Spirit   .   l - +2 ring mail {rF+}
rPois   .          Reflect  .   c - +1 helmet
rElec   .          Harm     .   v - +0 cloak
rCorr   +          Rampage  .   i - +0 pair of gloves
Will    .....                   w - +0 pair of boots
Stlth   ..........              t - amulet of regeneration
HPRegen 1.08/turn               m - +6 ring of strength
MPRegen 0.13/turn               K - ring "Fucuaxeb" {+Blink rCorr Int+2 Dex-5 SInv}

@: glowing
A: (nimble swimmer 2), mertail
a: Renounce Religion, Evoke Blink, Divine Shield, Cleansing Flame, Summon Divine
Warrior


You were on level 12 of the Dungeon.
You worshipped the Shining One.
The Shining One was extremely pleased with you.
You visited 3 branches of the dungeon, and saw 18 of its levels.
You also visited: Ossuary.

You collected 926 gold pieces.

Inventory:

Hand Weapons
 a - a +4 trident of holy wrath
 b - a +0 glaive of flaming (weapon)
Missiles
 d - 4 throwing nets (quivered)
 n - 5 silver javelins
 F - 11 atropa-tipped darts
 G - 73 poisoned darts
 H - 4 curare-tipped darts
 O - 2 javelins
Armour
 c - a +1 helmet (worn)
 i - a +0 pair of gloves (worn)
 l - a +2 ring mail of fire resistance (worn)
 v - a +0 cloak (worn)
 w - a +0 pair of boots (worn)
Jewellery
 g - a ring of protection from cold
 m - a +6 ring of strength (left hand)
 r - a +4 ring of evasion
 t - an amulet of regeneration (around neck)
 B - a +6 ring of dexterity
 K - the ring "Fucuaxeb" (right hand) {+Blink rCorr Int+2 Dex-5 SInv}
   (You found it on level 9 of the Dungeon)

   [ring of see invisible]

   Int:       It affects your intelligence (+2).
   Dex:       It affects your dexterity (-5).
   SInv:      It lets you see invisible.
   +Blink:    It lets you blink.
   rCorr:     It protects you from acid and corrosion.
Wands
 e - a wand of acid (10)
 o - a wand of polymorph (1)
 y - a wand of paralysis (1)
 D - a wand of mindburst (10)
 L - a wand of digging (8)
Scrolls
 f - 9 scrolls of teleportation
 k - a scroll of brand weapon
 p - a scroll of fog
 z - a scroll of fear {unknown}
 A - 4 scrolls of identify
 C - a scroll of enchant armour
 I - 2 scrolls of blinking
 M - a scroll of acquirement {unknown}
 N - a scroll of enchant weapon
Potions
 h - 2 potions of haste
 j - a potion of heal wounds
 q - 6 potions of curing
 s - 4 potions of brilliance
 u - 3 potions of cancellation
 x - a potion of mutation {unknown}
 E - 2 potions of lignification
 J - 2 potions of might
 P - a potion of resistance {unknown}


   Skills:
 + Level 13.1 Fighting
 + Level 20.9 Polearms
 - Level 2.0 Throwing
 + Level 9.2 Armour
 - Level 10.0 Dodging


You had 12 spell levels left.
You didn't know any spells.
Your spell library contained the following spells:

 Spells                   Type           Power      Damage    Failure   Level
 Apportation              Tloc           0%         N/A       47%         1
 Pain                     Necr           0%         1d4       47%         1
 Shock                    Conj/Air       0%         1d3       47%         1
 Sting                    Tmut/Pois      0%         1d3       47%         1
 Poisonous Vapours        Pois/Air       0%         N/A       63%         2
 Scorch                   Fire           0%         2d5       63%         2
 Call Canine Familiar     Summ           0%         N/A       85%         3
 Gell's Gravitas          Tloc           0%         N/A       85%         3
 Ignite Poison            Fire/Tmut/Pois 0%         N/A       85%         3
 Mephitic Cloud           Conj/Pois/Air  0%         N/A       85%         3
 Portal Projectile        Hex/Tloc       0%         N/A       85%         3
 Swiftness                Air            0%         N/A       85%         3
 Teleport Other           Tloc           0%         N/A       85%         3
 Airstrike                Air            0%         N/A       99%         4
 Flame Wave               Conj/Fire      0%         2d4       99%         4
 Fulminant Prism          Conj/Hex       0%         3d6       99%         4
 Iskenderun's Mystic Bla  Conj/Tloc      0%         2d3       99%         4
 Leda's Liquefaction      Hex/Erth       0%         N/A       99%         4
 Olgreb's Toxic Radiance  Pois           0%         N/A       99%         4
 Passage of Golubria      Tloc           0%         N/A       99%         4
 Agony                    Necr           0%         N/A       100%        5
 Alistair's Intoxication  Tmut/Pois      0%         N/A       100%        5
 Excruciating Wounds      Necr           0%         N/A       100%        5
 Freezing Cloud           Conj/Ice/Air   0%         6-21      100%        5
 Lee's Rapid Deconstruct  Erth           0%         3d5*      100%        5
 Silence                  Hex/Air        0%         N/A       100%        5
 Dispersal                Tloc           0%         N/A       100%        6
 Summon Cactus Giant      Summ           0%         N/A       100%        6
 Lehudib's Crystal Spear  Conj/Erth      0%         10d2      100%        8


Dungeon Overview and Level Annotations

Branches:
Dungeon (12/15)            Temple (1/1) D:4            Lair (5/6) D:9
 Shoals (0/4) Lair:3       Spider (0/4) Lair:3        Slime (0/5) Lair:5
Ossuary (visited)
    Orc: D:9-12

Altars:
Ashenzari
Elyvilon
Fedhas
Hepliaklqana
Makhleb
Nemelex Xobeh
Ru
Trog
Vehumet
Wu Jian
Xom
Zin
The Shining One

Shops:
D:4 (   D:10 *

Portals:
Trove: D:12 (give +6 demon trident)

Annotations:
D:12 2 runed translucent doors
Lair:3 2 transporters, exclusion: 3 ice statues, Itowevuj's ghost, journeyman DrFE


Innate Abilities, Weirdness & Mutations

((You are very nimble when in or above water. (Stealth+, EV+, Speed+++)))
Your lower body shifts to a powerful aquatic tail in water.


Message History

Found a runed translucent door.
You slice the yaktaur!! You burn the yaktaur.
The yaktaur is heavily wounded.
You slash the yaktaur! You burn the yaktaur.
The yaktaur is almost dead.
The yaktaur unwields a +0 arbalest.
The yaktaur hits you.
You hit the yaktaur. You burn the yaktaur.
You kill the yaktaur!
HP restored.
Things that are here:
a +0 arbalest; 21 bolts; a yaktaur corpse
Found a scale mail.
A yaktaur comes into view.
Found a book of Hexes.
The yaktaur shouts!
The yaktaur wields a +2 arbalest of flaming.
It bursts into flame!
The yaktaur shoots a bolt.
The bolt misses you.
You hear a shout! 3 yaktaurs come into view.
The yaktaur shouts! x3
The yaktaur wields a +0 arbalest.
The yaktaur shoots a bolt.
The bolt hits you!!
The yaktaur wields a +0 arbalest.
The yaktaur shoots a bolt.
The bolt hits you!
The yaktaur wields a +0 arbalest.
The yaktaur shoots a bolt.
The bolt hits you!
The yaktaur shoots a bolt.
The bolt closely misses you.
The yaktaur shoots a bolt.
The bolt misses you.
The yaktaur shoots a bolt.
The bolt hits you!
You hear a roar!
You are too injured to fight recklessly!
You are too injured to fight recklessly!
You are too injured to fight recklessly!
The yaktaur shoots a bolt.
The bolt hits you!
The yaktaur shoots a bolt.
The bolt hits you.
* * * LOW HITPOINT WARNING * * *
The yaktaur shoots a bolt.
The bolt hits you!
* * * LOW HITPOINT WARNING * * *
The bolt burns you.
* * * LOW HITPOINT WARNING * * *
The yaktaur shoots a bolt.
The bolt hits you!!
You die...

#.. ..c........# #)#
.c.........# #.#
...........#+ #.#
.c.........#mm###.#
...........##+##..#
...........# #..#
....c......#####..#######
.....[..@......).........
.....................####
............#######.<## #
............# #...# #
............# #...###
............#########..##
..:......?.##.......##..#
#####...####..#####..##..
#... ##..##..∩##..##.


You could see 4 yaktaurs.

Vanquished Creatures
  Gastronok (Lair:2)
  A boulder beetle (Lair:5)
  Fannar (Lair:1)
  4 hydras
  Erica (D:10)
  Harold (D:7)
  A centaur warrior (D:11)
  Erolcha (D:11)
  4 two-headed ogres
  2 death yaks (Lair:4)
  Pikel (D:6)
  A cyclops (D:6)
  Maurice (D:10)
  8 elephants
  2 black mambas
  A torpor snail (Lair:4)
  A tengu conjurer (D:10)
  9 cane toads
  6 komodo dragons
  A yaktaur (D:12)
  3 polar bears
  2 trolls
  4 blink frogs (Lair:1)
  A wraith (Ossuary)
  3 redbacks (Lair:3)
  21 yaks
  2 shadows
  5 wyverns
  Eustachio (D:5)
  7 vampire mosquitoes (D:10)
  2 basilisks (Lair:1)
  A steam dragon (D:7)
  13 water moccasins
  An acid dragon (D:10)
  Duvessa (D:5)
  An orc warrior (D:7)
  A hornet zombie (D:5)
  3 sky beasts
  A black bear (Lair:1)
  A necrophage (D:6)
  2 ice beasts
  6 ogres
  16 wolves
  4 centaurs
  2 phantoms
  2 lemures (D:6)
  2 kobold brigands
  11 bullfrogs
  A wyvern zombie (D:5)
  2 gnoll sergeants
  3 scorpions
  A wyvern skeleton (D:7)
  Dowan (D:5)
  4 wights (D:9)
  3 centaur zombies
  A lava snake (D:10)
  5 jellies
  An orc priest (D:5)
  A gnoll shaman (D:8)
  2 centaur skeletons
  An iguana (D:6)
  8 orc wizards
  3 mummies (Ossuary)
  A howler monkey zombie (D:7)
  14 gnolls
  A howler monkey skeleton (D:5)
  7 adders
  A shadow imp (D:3)
  2 white imps
  2 ufetubi
  13 orcs
  14 ball pythons
  A bat (D:3)
  11 endoplasms
  3 giant cockroaches
  5 goblins
  4 hobgoblins
  4 jackals (D:1)
  5 quokkas
  3 frilled lizards
  4 goblin zombies (Ossuary)
  2 hobgoblin zombies (Ossuary)
  A jackal zombie (D:6)
  15 kobolds
  5 kobold zombies (Ossuary)
  6 rats
  A rat zombie (D:6)
329 creatures vanquished.

Vanquished Creatures (collateral kills)
  A troll (D:10)
  A vampire mosquito (D:10)
2 creatures vanquished.

Vanquished Creatures (others)
  A yak (Lair:5)
  7 fungi
  13 plants
21 creatures vanquished.

Grand Total: 352 creatures vanquished

Notes
Turn   | Place    | Note
-------+----------+-------------------------------------------
     0 | D:1      | Remcycle the Merfolk Gladiator began the quest for the Orb.
     0 | D:1      | Reached XP level 1. HP: 16/16 MP: 1/1
   133 | D:1      | Reached skill level 5 in Polearms
   138 | D:1      | Reached XP level 2. HP: 22/22 MP: 2/2
   423 | D:1      | Reached skill level 6 in Polearms
   423 | D:1      | Reached XP level 3. HP: 13/27 MP: 3/3
   792 | D:1      | Found a faded altar of an unknown god.
  1609 | D:2      | Reached skill level 7 in Polearms
  1609 | D:2      | Reached XP level 4. HP: 33/33 MP: 4/4
  2439 | D:4      | Found Quhesken's Weapon Shoppe.
  2522 | D:4      | Reached skill level 8 in Polearms
  2522 | D:4      | Reached XP level 5. HP: 33/38 MP: 5/5
  2703 | D:4      | Found a staircase to the Ecumenical Temple.
  2719 | Temple   | Entered the Ecumenical Temple
  2789 | Temple   | Became a worshipper of the Shining One
  2819 | D:4      | Noticed an ogre
  2827 | D:4      | Killed an ogre
  2828 | D:4      | Reached skill level 9 in Polearms
  2950 | D:4      | Reached XP level 6. HP: 40/44 MP: 6/6
  3103 | D:5      | Entered Level 5 of the Dungeon
  3160 | D:5      | Reached skill level 10 in Polearms
  3213 | D:5      | Noticed Eustachio
  3226 | D:5      | Killed Eustachio
  3227 | D:5      | Reached skill level 11 in Polearms
  3227 | D:5      | Reached XP level 7. HP: 50/50 MP: 7/7
  3286 | D:5      | Reached skill level 12 in Polearms
  3362 | D:5      | Reached skill level 13 in Polearms
  3362 | D:5      | Reached XP level 8. HP: 29/56 MP: 8/8
  3369 | D:5      | Reached * piety under the Shining One
  3413 | D:5      | Reached skill level 14 in Polearms
  3434 | D:5      | Noticed Duvessa
  3445 | D:5      | Killed Duvessa
  3448 | D:5      | Noticed Dowan
  3453 | D:5      | Killed Dowan
  3648 | D:5      | Identified the +1 robe of the Barnacle {rPois rC- Str+2
                  | Dex+2}
  3797 | D:6      | Reached skill level 1 in Armour
  3822 | D:6      | Noticed Pikel
  3858 | D:6      | Killed Pikel
  3859 | D:6      | Reached skill level 5 in Dodging
  3859 | D:6      | Reached XP level 9. HP: 59/65 MP: 9/9
  4054 | D:6      | Noticed a cyclops
  4060 | D:6      | Killed a cyclops
  4061 | D:6      | Reached skill level 15 in Polearms
  4123 | D:6      | Found a sand-covered staircase.
  4132 | Ossuary  | Entered an ossuary
  4149 | Ossuary  | Reached ** piety under the Shining One
  4166 | Ossuary  | Reached skill level 5 in Fighting
  4786 | D:6      | Reached *** piety under the Shining One
  4926 | D:7      | Reached XP level 10. HP: 76/76 MP: 10/10
  4999 | D:7      | Noticed Harold
  5017 | D:7      | Killed Harold
  5710 | D:8      | Reached skill level 16 in Polearms
  6033 | D:9      | Identified the ring "Fucuaxeb" {+Blink rCorr Int+2 Dex-5
                  | SInv}
  6056 | D:9      | Found a staircase to the Lair.
  6121 | D:9      | Reached **** piety under the Shining One
  6228 | D:9      | Noticed a two-headed ogre
  6243 | D:9      | Killed a two-headed ogre
  6516 | D:10     | Entered Level 10 of the Dungeon
  6531 | D:10     | Reached XP level 11. HP: 73/85 MP: 11/11
  6538 | D:10     | Reached skill level 5 in Armour
  6605 | D:10     | Found a glowing silver altar of Zin.
  6607 | D:10     | Found Zin's Purification Station.
  6609 | D:10     | Noticed Maurice
  6619 | D:10     | Paralysed by Maurice for 3 turns
  6620 | D:10     | Noticed Erica
  6626 | D:10     | Paralysed by Maurice for 3 turns
  6632 | D:10     | Killed Maurice
  6638 | D:10     | Killed Erica
  6639 | D:10     | Reached skill level 17 in Polearms
  6639 | D:10     | Reached skill level 10 in Dodging
  6672 | D:10     | Noticed a two-headed ogre
  6694 | D:10     | Killed a two-headed ogre
  7253 | D:11     | Found an ornate altar of the Wu Jian Council.
  7330 | D:11     | Noticed a seven-headed hydra
  7341 | D:11     | Killed a two-headed hydra
  7444 | D:11     | Noticed Erolcha
  7455 | D:11     | Killed Erolcha
  7522 | D:11     | Noticed a two-headed ogre
  7529 | D:11     | Killed a two-headed ogre
  7530 | D:11     | Reached skill level 18 in Polearms
  7645 | D:11     | Noticed a centaur warrior
  7656 | D:11     | Killed a centaur warrior
  7657 | D:11     | Reached XP level 12. HP: 52/97 MP: 12/12
  7830 | D:11     | Noticed a two-headed ogre
  7836 | D:11     | Killed a two-headed ogre
  7837 | D:11     | Reached skill level 10 in Fighting
  7943 | Lair:1   | Entered Level 1 of the Lair of Beasts
  8090 | Lair:1   | Reached ***** piety under the Shining One
  8210 | Lair:1   | Noticed Fannar
  8235 | Lair:1   | Killed Fannar
  8451 | D:9      | Reached skill level 19 in Polearms
  8964 | Lair:2   | Noticed a seven-headed hydra
  8978 | Lair:2   | Killed a one-headed hydra
  9268 | Lair:2   | Upgraded the game from 0.28-a0-1233-g92def6a to
                  | 0.28-a0-1234-g826d19b
  9470 | Lair:2   | Noticed Gastronok
  9507 | Lair:2   | Killed Gastronok
  9713 | Lair:2   | Reached XP level 13. HP: 106/106 MP: 13/13
 10123 | Lair:3   | Found a transporter.
 10321 | Lair:3   | Found a transporter.
 10345 | Lair:3   | Reached skill level 20 in Polearms
 10394 | Lair:3   | Noticed Itowevuj's ghost (journeyman DrFE)
 10656 | Lair:3   | Found a staircase to the Shoals.
 10906 | Lair:3   | Found a hole to the Spider Nest.
 11426 | Lair:4   | Found a shimmering altar of Xom.
 12177 | Lair:5   | Found a staircase to the Slime Pits.
 13078 | D:12     | Found a portal to a secret trove of treasure.
 13116 | D:12     | Found a runed translucent door.
 13116 | D:12     | Noticed a merfolk impaler
 13143 | D:12     | Found a runed translucent door.
 13163 | D:12     | Shot with a bolt by a yaktaur

Illustrated notes

Levels and vault maps discovered:
D:1:      onia_arrival_pyramid, layout_loops_ring,
          ebering_ecumenical_altar_mist, minmay_heptomino_l4
D:2:      layout_rooms, nicolae_concentric_dashed_squares_wild, minmay_unequal
D:3:      layout_basic, serial_rivers, chequers_serial_rivers_marsh,
          chequers_serial_rivers_micro_a, chequers_serial_rivers_small_b,
          chequers_serial_rivers_small_a, chequers_serial_rivers_micro_a,
          chequers_serial_rivers_room_a
D:4:      layout_basic, minmay_temple_entry_offerings, serial_shops,
          shop_fountains, hangedman_abyss_or_decor_lesser_grid
D:5:      layout_rooms, uniq_eustachio, uniq_duvessa
D:6:      layout_basic, enter_ossuary_3, st_stairs_12,
          chequers_serial_rivers_micro_a, uniq_pikel
D:7:      nicolae_BIG_FREAKIN_CUBE, layout_cave_pods, uniq_harold
D:8:      layout_rooms
D:9:      layout_rooms, lair_entry_dummy
D:10:     layout_rooms, zin_purify, serial_rivers,
          chequers_serial_rivers_room_b, chequers_serial_rivers_small_3,
          chequers_serial_rivers_micro_e, chequers_serial_rivers_micro_c,
          kennysheep_generic_room_3, uniq_maurice, uniq_erica
D:11:     layout_long_grid, nicolae_wu_jian_wuxing_cycle, uniq_erolcha
D:12:     layout_small_grid, erik_orc_3, trove_entry_hex_spiral, mikee_hates_you
Temple:   mainiacjoe_temple_archimedes_tessellation
Lair:1:   layout_misc_corridors, serial_bayou, serial_bayou_lake_a,
          serial_bayou_crossing, serial_bayou_ford_a, serial_bayou_pond_e,
          serial_bayou_shore_b, uniq_fannar
Lair:2:   layout_cave_pods, grunt_megastairs_4, infiniplex_staircase_pool,
          uniq_gastronok
Lair:3:   layout_loops_ring, shoals_dummy_entry, spider_nest_entry_webs,
          nzn_ghost_randoct
Lair:4:   layout_regular_city, basic_altar
Lair:5:   layout_regular_city, nicolae_slime_entry_slimehenge

Skill      XL: |  1  2  3  4  5  6  7  8  9 10 11 12 13 |
---------------+----------------------------------------+-----
Polearms       | 5 6 7 8 9 11 13 14 15 16 18 19 20 | 20.9
Armour         | 2 3 4 6 8 9 |  9.2
Fighting       | 4 5 7 9 11 13 | 13.1
Dodging        | 5 7 9 10 | 10.0
Throwing       | |  2.0

Action                   |  1- 3 |  4- 6 |  7- 9 | 10-12 | 13-15 || total
-------------------------+-------+-------+-------+-------+-------++-------
Melee: Trident           |   127 |   118 |   261 |   569 |    14 ||  1089
       Scimitar          |       |       |       |    14 |       ||    14
       Tailslap          |       |       |       |    14 |       ||    14
       Glaive            |       |       |       |       |   214 ||   214
  Use: Scroll            |       |     7 |     6 |    11 |     2 ||    26
       Potion            |       |       |       |     4 |       ||     4
 Stab: Sleeping          |     3 |     1 |       |       |       ||     4
Armor: Leather armour    |    31 |    19 |     4 |       |       ||    54
       Ring mail         |       |       |    18 |   159 |    75 ||   252
Dodge: Dodged            |    75 |    58 |    83 |   284 |   109 ||   609

Table legend: (Time is in decaauts)
 A = Elapsed time spent in this place.
 B = Non-inter-level travel time spent in this place.
 C = Inter-level travel time spent in this place.
 D = Time resting spent in this place.
 E = Time spent auto-exploring this place.
 F = Levels seen in this place.
 G = Mean time per level.
                   A        B        C        D        E       F      G
               +--------+--------+--------+--------+--------+-----+--------+
         Total |  12646 |  12121 |    525 |    622 |   9335 |  19 |  665.6 |
       Dungeon |   7476 |   7192 |    284 |    389 |   5354 |  12 |  623.0 |
        Temple |     71 |     56 |     15 |      0 |     42 |   1 |   71.0 |
          Lair |   4769 |   4545 |    224 |    233 |   3682 |   5 |  953.8 |
       Ossuary |    330 |    330 |      0 |      0 |    257 |   1 |  330.0 |
               +--------+--------+--------+--------+--------+-----+--------+

Top non-repeatable levels by time:
  Lair:2: 1126 daAuts
     D:1: 1049 daAuts
  Lair:4: 992 daAuts
  Lair:3: 945 daAuts
  Lair:1: 867 daAuts
  Lair:5: 837 daAuts
    D:11: 778 daAuts
     D:7: 733 daAuts
     D:6: 729 daAuts
     D:4: 695 daAuts
     D:2: 675 daAuts
    D:10: 608 daAuts
     D:3: 600 daAuts
     D:5: 579 daAuts
     D:9: 512 daAuts
